 Dungeon Crawl Stone Soup version 0.27.1-4-g1640c2035a (webtiles) character file.

Game seed: 8329046272712161922

40 Crownlay the Digger (level 3, 0/19 HPs)
             Began as a Gargoyle Earth Elementalist on Nov 7, 2021.
             Slain by a kobold (3 damage)
             ... on level 1 of the Dungeon.
             The game lasted 00:02:55 (1690 turns).

Crownlay the Digger (Gargoyle Earth Elementalist)   Turns: 1690, Time: 00:02:56

Health: 0/19       AC:  5    Str: 11    XL:     3   Next: 50%
Magic:  1/7        EV: 11    Int: 16    God:
Gold:   20         SH:  0    Dex: 10    Spells: 7/8 levels left

rFire    . . .     SeeInvis .   f - +0 club
rCold    . . .     Faith    .   (no shield)
rNeg     + . .     Spirit   .   b - +0 robe
rPois    ∞         Reflect  .   (no helmet)
rElec    +         Harm     .   (no cloak)
rCorr    .         Rampage  .   (no gloves)
Will     .....                  (no boots)
Stlth    ++........             (no amulet)
HPRegen  0.06/turn              (no ring)
MPRegen  0.10/turn              (no ring)

@: no status effects
A: sickness immunity, AC +3, negative energy resistance 1, electricity
resistance, torment resistance 1, petrification resistance
a: no special abilities


You were on level 1 of the Dungeon.
You visited 1 branch of the dungeon, and saw 2 of its levels.

You collected 42 gold pieces.
You spent 22 gold pieces at shops.

Inventory:

Hand Weapons
 f - a +0 club (weapon)
Missiles
 c - 24 stones
Armour
 b - a +0 robe (worn)
Jewellery
 l - an amulet of reflection
Scrolls
 a - a scroll of noise {unknown}
 d - a scroll of teleportation {unknown}
 g - 2 scrolls of identify
 h - 3 scrolls of immolation
 i - a scroll of fear {unknown}
 j - a scroll of amnesia {unknown}
 k - a scroll of blinking {unknown}
Potions
 e - a potion of attraction {unknown}


   Skills:
 - Level 1.5 Dodging
 - Level 2.1 Stealth
 * Level 3.1 Spellcasting
 - Level 0.7 Transmutations
 + Level 4.2 Earth Magic


You had 7 spell levels left.
You knew the following spells:

 Your Spells              Type           Power      Damage    Failure   Level
a - Sandblast             Erth           32%        2d9       3%          1

Your spell library contained the following spells:

 Spells                   Type           Power      Damage    Failure   Level
 Passwall                 Tmut/Erth      8%         N/A       10%         2
 Stone Arrow              Conj/Erth      18%        3d8       24%         3
 Petrify                  Tmut/Erth      10%        N/A       54%         4


Dungeon Overview and Level Annotations

Branches:
Dungeon (2/15)

Altars:

Shops:
D:1 ?


Innate Abilities, Weirdness & Mutations

You are immune to sickness and miasma.
Your stone body is resilient. (AC +3)
You are immune to poison.
You resist negative energy. (rN+)
You are resistant to electric shocks. (rElec)
You are resistant to unholy torment.
You are immune to petrification.


Message History

The goblin barely misses you. The kobold barely misses you.
The goblin misses you.
You hit the goblin.
The goblin is severely wounded.
The kobold hits you with a +0 club. The goblin hits you but does no damage.
The kobold hits you with a +0 club.
You are too injured to fight recklessly!
You are too injured to fight recklessly!
Casting: Sandblast (safe; 3% risk of failure)
Confirm with . or Enter, or press ? or * to list all spells.
Aiming: Sandblast (safe; 3% risk of failure)
Press: ? - help, Shift-Dir - straight line, f - goblin
Aim: a goblin, wielding a +0 dagger (severely wounded, 74% to hit)
The blast of sand misses the goblin.
The goblin hits you but does no damage. The kobold barely misses you.
The goblin barely misses you. The kobold hits you with a +0 club.
The goblin hits you but does no damage.
Casting: Sandblast (safe; 3% risk of failure)
Confirm with . or Enter, or press ? or * to list all spells.
Aiming: Sandblast (safe; 3% risk of failure)
Press: ? - help, Shift-Dir - straight line, f/p - goblin
Aim: a goblin, wielding a +0 dagger (severely wounded, 74% to hit)
The blast of sand hits the goblin!
You kill the goblin!
You are too injured to fight recklessly!
The kobold hits you but does no damage.
Things that are here:
a +0 dagger; a goblin corpse You closely miss the kobold.
The kobold hits you with a +0 club. The kobold misses you.
You miss the kobold. The kobold hits you with a +0 club.
You hit the kobold.
The kobold is severely wounded.
The kobold hits you with a +0 club.
* * * LOW HITPOINT WARNING * * *
You hit the kobold but do no damage.
The kobold is severely wounded.
The kobold closely misses you. The kobold hits you with a +0 club.
You die...

......# #.........#.##...
......#
########.........#.##...
≈.....##
#.......#####....#.#####
≈≈≈....# #.......# #(...#.#
≈≈≈≈≈..###.......#####......#
≈≈≈≈.............##.....#.###
≈≈≈...###........##.#.....#
≈§......#........##....>###
§§....#.#.......@K..#.###
§§....#.#.#######.#...#
§.....#.#########.#.###
§.....#...........#)#
......#############.# ##.####
#......# ...# #.###### ##.#
####.# #.# #....#


You could see a kobold.

Vanquished Creatures
  A gnoll (D:1)
  2 endoplasms (D:1)
  4 goblins
  3 hobgoblins (D:1)
  4 jackals (D:1)
  A quokka (D:2)
  4 ball pythons
  2 bats
  2 frilled lizards (D:1)
  3 kobolds (D:1)
  3 rats (D:1)
29 creatures vanquished.

Notes
Turn   | Place    | Note
-------+----------+-------------------------------------------
     0 | D:1      | Crownlay the Gargoyle Earth Elementalist began the quest
                  | for the Orb.
     0 | D:1      | Reached XP level 1. HP: 10/10 MP: 3/3
   215 | D:1      | Reached XP level 2. HP: 9/15 MP: 0/5
   542 | D:1      | Reached skill level 4 in Earth Magic
   928 | D:1      | Reached XP level 3. HP: 3/19 MP: 2/7
  1216 | D:1      | Found a faded altar of an unknown god.
  1372 | D:1      | Found Karah's Magic Scroll Boutique.
  1400 | D:1      | Bought a scroll of identify for 22 gold pieces
  1690 | D:1      | Slain by a kobold

Illustrated notes

Levels and vault maps discovered:
D:1:      co_arrival_random_square_maze, layout_basic, serial_shops, shop,
          hellmonk_ecumenical_altar_blasted, lemuel_old_faithful
D:2:      layout_basic, serial_shops, nicolae_shop_stone, st_stairs_7

Skill      XL: |  1  2  3 |
---------------+----------+-----
Earth Magic    | 4 |  4.2
Spellcasting   | 3 |  3.1
Dodging        | |  1.5
Stealth        | |  2.1
Transmutations | |  0.7

Action                   || total
-------------------------++-------
Melee: Unarmed           ||     7
       Club              ||    31
 Cast: Sandblast         ||    35
 Stab: Sleeping          ||     3
Armor: Robe              ||    25
Dodge: Dodged            ||    41
